 Dungeon Crawl Stone Soup version 0.27-a0-1202-ge72e49191c (webtiles) character file.

Game seed: 15454732059093080528

3756 lunkers the Geomancer (level 10, -5/76 HPs)
             Began as a Formicid Earth Elementalist on June 3, 2021.
             Was a Follower of Vehumet.
             Slain by an orc knight
             ... wielding a +0 glaive
              (27 damage)
             ... in a bailey.
             The game lasted 00:11:48 (9327 turns).

lunkers the Geomancer (Formicid Earth Elementalist) Turns: 9327, Time: 00:11:49

Health: -5/76      AC:  9    Str: 18    XL:     10   Next: 37%
Magic:  17/20      EV: 11    Int: 19    God:    Vehumet [*.....]
Gold:   421        SH: 10    Dex: 11    Spells: 17/23 levels left

rFire    . . .     SeeInvis +   L - +4 flail
rCold    . . .     Faith    .   p - +0 kite shield {AC+3}
rNeg     . . .     Spirit   .   c - +0 robe
rPois    .         Reflect  .   (helmet unavailable)
rElec    .         Harm     .   o - +2 cloak
rCorr    .         Rampage  .   (no gloves)
Will     +....                  M - +0 pair of boots
Stlth    ++........             v - amulet of the acrobat
HPRegen  0.22/turn              l - +6 ring of strength
MPRegen  0.17/turn              (no ring)

@: no status effects
A: permanent stasis, dig shafts and tunnels, antennae 3, four strong arms
a: Dig, Renounce Religion


You were in a bailey.
You worshipped Vehumet.
Vehumet was aware of your devotion.
You visited 1 branch of the dungeon, and saw 7 of its levels.
You also visited: Sewer and Bailey.

You collected 421 gold pieces.

Inventory:

Hand Weapons
 b - a +0 dagger
 D - a +2 short sword of draining
 L - a +4 flail (weapon)
Missiles
 k - 51 stones
 K - a curare-tipped dart
Armour
 c - a +0 robe (worn)
 o - a +2 cloak (worn)
 p - a +0 kite shield of protection (worn)
 M - a +0 pair of boots (worn)
Jewellery
 l - a +6 ring of strength (left hand)
 v - an amulet of the acrobat (around neck)
 w - a ring of see invisible
Wands
 G - a wand of acid (10)
Scrolls
 a - 2 scrolls of immolation {unknown}
 d - 3 scrolls of identify {unknown}
 f - 4 scrolls of amnesia
 g - 2 scrolls of brand weapon {unknown}
 h - a scroll of magic mapping {unknown}
 j - 3 scrolls of fear {unknown}
 m - 2 scrolls of enchant armour {unknown}
 n - 2 scrolls of acquirement {unknown}
 q - 4 scrolls of teleportation {unknown}
 s - a scroll of fog {unknown}
 u - a scroll of vulnerability {unknown}
 x - a scroll of blinking {unknown}
 y - a scroll of noise {unknown}
 B - a scroll of torment {unknown}
 F - a scroll of summoning {unknown}
 J - a scroll of holy word {unknown}
Potions
 e - 3 potions of might {unknown}
 i - 4 potions of lignification {unknown}
 r - 6 potions of heal wounds {unknown}
 t - a potion of mutation {unknown}
 A - 5 potions of curing {unknown}
 C - a potion of degeneration {unknown}
 E - 3 potions of brilliance {unknown}
 H - 2 potions of berserk rage {unknown}
 I - a potion of invisibility {unknown}


   Skills:
 + Level 6.0 Fighting
 - Level 1.7 Dodging
 - Level 2.4 Stealth
 + Level 6.6 Shields
 + Level 7.1 Spellcasting
 - Level 1.1 Transmutations
 * Level 11.8 Earth Magic


You had 17 spell levels left.
You knew the following spells:

 Your Spells              Type           Power      Damage    Failure   Level
a - Stone Arrow           Conj/Erth      58%        3d10      4%          3
b - Passwall              Tmut/Erth      25%        N/A       1%          2
c - Sandblast             Erth           100%       2d20      1%          1

Your spell library contained the following spells:

 Spells                   Type           Power      Damage    Failure   Level
 Freeze                   Ice            24%        1d5       16%         1
 Lee's Rapid Deconstruct  Erth           25%        3d15*     3%          5
 Petrify                  Tmut/Erth      31%        N/A       11%         4
 Animate Skeleton         Necr           12%        N/A       16%         1
 Apportation              Tloc           12%        N/A       16%         1
 Corona                   Hex            6%         N/A       16%         1
 Summon Small Mammal      Summ           24%        N/A       16%         1
 Call Imp                 Summ           6%         N/A       24%         2
 Call Canine Familiar     Summ           6%         N/A       43%         3
 Summon Guardian Golem    Hex/Summ       6%         N/A       43%         3
 Summon Ice Beast         Ice/Summ       6%         N/A       85%         4
 Summon Lightning Spire   Summ/Air       6%         N/A       85%         4


Dungeon Overview and Level Annotations

Branches:
Dungeon (7/15)             Temple (0/1) D:6           Sewer (visited)
 Bailey (1/1)

Altars:
Ashenzari
Gozag
Hepliaklqana
Qazlal
Sif Muna
Vehumet
Wu Jian

Annotations:
D:7 2 runed translucent doors, exclusion: orange crystal statue


Innate Abilities, Weirdness & Mutations

You cannot be hasted, slowed, berserked, paralysed or teleported.
You can dig through walls and to a lower floor.
You have a pair of large antennae on your head. (SInv)
Your four strong arms can wield two-handed weapons with a shield.


Message History

Unknown command.
Unknown command.
Aiming: Iceblast
Press: ? - help, Shift-Dir - straight line, f/p - orc knight
Aim: an orc knight, wielding a +0 glaive and wearing a +0 plate armour (severely wounded, strong)
The mass of ice explodes!
The iceblast engulfs the orc knight.
The orc knight is severely wounded.
The iceblast engulfs the orc warrior.
The orc warrior is lightly wounded.
The iceblast engulfs the orc!
You kill the orc!
Vehumet accepts your kill.
You feel your power returning.
The iceblast engulfs the orc knight.
The orc knight is almost dead.
The iceblast engulfs the orc knight!
The orc knight is heavily wounded.
You block the orc knight's attack. The orc knight barely misses you.
The orc knight hits you from afar with a +0 trident!
* * * LOW HITPOINT WARNING * * *
Unknown command.
Unknown command.
Unknown command.
Aiming: Iceblast
Press: ? - help, Shift-Dir - straight line, f/p - orc knight
Aim: an orc knight, wielding a +0 glaive and wearing a +0 plate armour (severely wounded, strong)
The mass of ice explodes!
The iceblast engulfs the orc knight!
The orc knight is almost dead.
The iceblast engulfs the orc!
You kill the orc!
Vehumet accepts your kill.
The iceblast engulfs the orc warrior!
The orc warrior is severely wounded.
The iceblast engulfs the orc knight!
You kill the orc knight!
Vehumet accepts your kill.
The iceblast engulfs the orc knight!
The orc knight is severely wounded.
The now-empty wand crumbles to dust.
The orc knight hits you from afar with a +0 glaive!!
You die...

#### ####### ### .....
########.....## ##..
......#.....#.......######...
.....)')))).'....).)#....#...
oo....'.)oo.@...).)))....'...
o.....'...o.'....).)#....#...
.o....#.....#.....).######...
.....#########.....## ##..
##### ####### ###


You could see 2 orc knights and an orc warrior (strong).

Vanquished Creatures
  An orc knight (Bailey)
  A troll (D:5)
  Grinder (D:3)
  A steam dragon (D:6)
  2 water moccasins (D:6)
  5 orc warriors (Bailey)
  3 black bears
  A necrophage (D:6)
  An ice beast (D:5)
  6 ogres
  2 phantoms
  A kobold brigand (D:6)
  3 bullfrogs
  3 scorpions
  A water moccasin skeleton (D:6)
  5 wights (D:7)
  A howler monkey (D:6)
  A centaur zombie (D:5)
  4 hounds
  2 bullfrog skeletons
  3 iguanas
  2 centaur skeletons
  Ijyb (D:4)
  An orc wizard (D:3)
  13 adders
  3 gnolls
  A river rat (D:4)
  A white imp (D:7)
  An ufetubus (D:4)
  An adder skeleton (D:4)
  3 worms
  2 dart slugs
  42 orcs
  11 ball pythons
  4 endoplasms
  3 giant cockroaches (Sewer)
  11 goblins
  8 hobgoblins
  7 jackals
  4 quokkas
  4 bats
  6 frilled lizards (Sewer)
  10 kobolds
  8 rats
  A spectral hobgoblin (D:3)
196 creatures vanquished.

Notes
Turn   | Place    | Note
-------+----------+-------------------------------------------
     0 | D:1      | lunkers the Formicid Earth Elementalist began the quest for
                  | the Orb.
     0 | D:1      | Reached XP level 1. HP: 13/13 MP: 3/3
   268 | D:1      | Reached skill level 4 in Earth Magic
   289 | D:1      | Reached XP level 2. HP: 19/19 MP: 3/5
   322 | D:1      | Found a faded altar of an unknown god.
   992 | D:2      | Reached XP level 3. HP: 23/24 MP: 2/7
  1124 | D:2      | Reached skill level 5 in Earth Magic
  1124 | D:2      | Reached XP level 4. HP: 30/30 MP: 5/8
  1415 | D:2      | Learned a level 2 spell: Passwall
  1419 | D:2      | Learned a level 3 spell: Stone Arrow
  2076 | D:3      | Noticed Grinder
  2086 | D:3      | Killed Grinder
  2087 | D:3      | Reached skill level 7 in Earth Magic
  2087 | D:3      | Reached XP level 5. HP: 35/35 MP: 1/11
  2087 | D:3      | Reached XP level 6. HP: 41/41 MP: 1/12
  2314 | D:3      | Found a shimmering blue altar of Sif Muna.
  2314 | D:3      | Found an ornate altar of the Wu Jian Council.
  2314 | D:3      | Found a broken altar of Ashenzari.
  2488 | D:3      | Found a hazy altar of Hepliaklqana.
  2908 | D:4      | Reached XP level 7. HP: 47/47 MP: 10/13
  2974 | D:4      | Reached skill level 1 in Shields
  3078 | D:4      | Reached skill level 1 in Fighting
  3288 | D:4      | Found a glowing drain.
  3315 | Sewer    | Entered a sewer
  3803 | Sewer    | Reached skill level 8 in Earth Magic
  4229 | D:4      | Noticed Ijyb
  4235 | D:4      | Killed Ijyb
  4236 | D:4      | Reached XP level 8. HP: 56/56 MP: 8/15
  4871 | D:5      | Entered Level 5 of the Dungeon
  4876 | D:5      | Reached skill level 5 in Spellcasting
  5107 | D:5      | Noticed a troll
  5111 | D:5      | Killed a troll
  5112 | D:5      | Reached skill level 9 in Earth Magic
  5966 | D:5      | Reached XP level 9. HP: 65/65 MP: 4/17
  6655 | D:6      | Reached skill level 10 in Earth Magic
  6883 | D:6      | Reached skill level 5 in Shields
  7274 | D:6      | Found a radiant altar of Vehumet.
  7315 | D:6      | Became a worshipper of Vehumet
  7329 | D:6      | Reached skill level 5 in Fighting
  7423 | D:6      | Found a staircase to the Ecumenical Temple.
  7819 | D:6      | Reached skill level 11 in Earth Magic
  7972 | D:6      | Reached XP level 10. HP: 74/74 MP: 9/19
  8545 | D:7      | Found a runed translucent door.
  8546 | D:7      | Noticed an orange crystal statue
  8547 | D:7      | Found the +10 tower shield of Ignorance {rN+ Int-4}
  8586 | D:7      | Found a stormy altar of Qazlal.
  8587 | D:7      | Found an opulent altar of Gozag.
  8670 | D:7      | Found a runed translucent door.
  8778 | D:7      | Found a flagged portal.
  8825 | Bailey   | Entered a bailey
  8895 | Bailey   | Reached * piety under Vehumet
  8895 | Bailey   | Offered knowledge of Freeze by Vehumet.
  9307 | Bailey   | Noticed an orc knight
  9317 | Bailey   | Noticed an orc knight
  9318 | Bailey   | Noticed an orc knight
  9327 | Bailey   | Killed an orc knight
  9327 | Bailey   | Slain by an orc knight

Illustrated notes

Levels and vault maps discovered:
D:1:      wander_arrival_chamber, layout_loops_ring,
          shapermc_ecumenical_altar_totnotflames
D:2:      layout_basic, roderic_lattice_a
D:3:      layout_rooms, gammafunk_temple_overflow_claw,
          nicolae_hepliaklqana_monster_ancestors, guppyfry_early_lair_pool,
          uniq_grinder
D:4:      minmay_evil_eye, layout_cave_pools, cheibrodos_sewer_entry_sluice,
          serial_park_tiny_1, kennysheep_generic_room_3, uniq_ijyb
D:5:      layout_loops_corners, minmay_misc_feat_more_columns
D:6:      layout_loops_corners, overflow_temple_1_default, temple_fountains
D:7:      layout_rooms, grunt_temple_overflow_bloody_war,
          gammafunk_temple_overflow_statue, enter_bailey_2,
          chequers_guarded_unrand_ignorance, uniq_crazy_yiuf_cottage
Bailey:   bailey_polearm_5, bailey

Skill      XL: |  1  2  3  4  5  6  7  8  9 10 |
---------------+-------------------------------+-----
Earth Magic    | 4 5 7 8 9 11 | 11.8
Spellcasting   | 3 4 5 6 7 |  7.1
Shields        | 2 4 5 6 |  6.6
Fighting       | 2 3 5 6 |  6.0
Dodging        | |  1.7
Stealth        | |  2.4
Transmutations | |  1.1

Action                   |  1- 3 |  4- 6 |  7- 9 | 10-12 || total
-------------------------+-------+-------+-------+-------++-------
Melee: Dagger            |       |    44 |   160 |       ||   204
       Short sword       |       |       |    22 |    10 ||    32
       Flail             |       |       |       |    10 ||    10
 Cast: Sandblast         |    25 |    53 |    53 |       ||   131
       Stone Arrow       |       |       |    89 |    33 ||   122
Evoke: Wand              |       |       |       |    17 ||    17
  Use: Scroll            |       |       |     1 |       ||     1
Armor: Robe              |       |    18 |   102 |    15 ||   135
Dodge: Dodged            |     3 |    34 |   115 |    58 ||   210
Block: Kite shield       |       |    16 |   108 |    44 ||   168

Table legend: (Time is in decaauts)
 A = Elapsed time spent in this place.
 B = Non-inter-level travel time spent in this place.
 C = Inter-level travel time spent in this place.
 D = Time resting spent in this place.
 E = Time spent auto-exploring this place.
 F = Levels seen in this place.
 G = Mean time per level.
                   A        B        C        D        E       F      G
               +--------+--------+--------+--------+--------+-----+--------+
         Total |   9497 |   9305 |    192 |    178 |   7457 |   9 | 1055.2 |
       Dungeon |   8124 |   7932 |    192 |    120 |   6688 |   7 | 1160.6 |
         Sewer |    866 |    866 |      0 |      0 |    418 |   1 |  866.0 |
        Bailey |    506 |    506 |      0 |     58 |    350 |   1 |  506.0 |
               +--------+--------+--------+--------+--------+-----+--------+

Top non-repeatable levels by time:
     D:5: 1644 daAuts
     D:6: 1614 daAuts
     D:4: 1460 daAuts
     D:2: 1170 daAuts
     D:3: 889 daAuts
   Sewer: 866 daAuts
     D:1: 784 daAuts
     D:7: 561 daAuts
  Bailey: 506 daAuts
